 Dungeon Crawl Stone Soup version 0.28-a0-445-g51f8dfeb47 (webtiles) character file.

Game seed: 9169695517447839197

297 MirrMurr the Covert (level 6, 0/53 HPs)
             Began as a Gnoll Delver on Sept 12, 2021.
             Killed from afar by an orc wizard (9 damage)
             ... with a magic dart
             ... on level 4 of the Dungeon.
             The game lasted 00:06:37 (3176 turns).

MirrMurr the Covert (Gnoll Delver)                  Turns: 3176, Time: 00:06:39

Health: 0/53       AC:  5    Str: 12    XL:     6   Next: 35%
Magic:  8/8        EV: 13    Int: 11    God:
Gold:   194        SH:  0    Dex: 13    Spells: 8/8 levels left

rFire   . . .      SeeInvis .   a - +1 flail (vorpal)
rCold   . . .      Faith    .   (no shield)
rNeg    . . .      Spirit   .   b - +0 leather armour
rPois   +          Reflect  .   h - +0 helmet
rElec   .          Harm     .   (no cloak)
rCorr   .          Rampage  .   k - +0 pair of gloves
Will    .....                   (no boots)
Stlth   ++++......              (no amulet)
HPRegen 0.17/turn               t - ring of poison resistance
MPRegen 0.11/turn               (no ring)

@: very slightly contaminated
A: fangs 1, strong nose, distributed training
a: no special abilities


You were on level 4 of the Dungeon.
You visited 1 branch of the dungeon, and saw 5 of its levels.

You collected 194 gold pieces.

Inventory:

Hand Weapons
 a - a +1 vorpal flail (weapon)
 i - a +1 vorpal battleaxe
 l - a +0 spear
Missiles
 m - 4 boomerangs (quivered)
 r - 80 stones
Armour
 b - a +0 leather armour (worn)
 h - a +0 helmet (worn)
 k - a +0 pair of gloves (worn)
Jewellery
 t - a ring of poison resistance (left hand)
Wands
 g - a wand of digging (3)
Scrolls
 c - a scroll of fog
 d - a scroll of magic mapping
 e - a scroll of fear
 j - a scroll of blinking {unknown}
 q - a scroll of immolation {unknown}
 s - a scroll of amnesia {unknown}
Potions
 f - a potion of haste
 o - a potion of lignification {unknown}
 p - 2 potions of resistance


   Skills:
 + Level 6.8 Fighting
 + Level 1.9 Short Blades
 + Level 1.9 Long Blades
 + Level 1.9 Axes
 + Level 1.9 Maces & Flails
 + Level 5.0 Polearms
 + Level 1.9 Staves
 + Level 1.9 Slings
 + Level 1.9 Bows
 + Level 1.9 Crossbows
 + Level 1.9 Throwing
 + Level 1.9 Armour
 + Level 5.0 Dodging
 + Level 9.7 Stealth
 + Level 1.9 Shields
 + Level 1.9 Unarmed Combat
 + Level 1.9 Spellcasting
 + Level 1.5 Conjurations
 + Level 1.5 Hexes
 + Level 1.5 Summonings
 + Level 1.5 Necromancy
 + Level 1.5 Translocations
 + Level 1.5 Transmutations
 + Level 1.5 Fire Magic
 + Level 1.5 Ice Magic
 + Level 1.5 Air Magic
 + Level 1.5 Earth Magic
 + Level 1.5 Poison Magic
 + Level 2.1 Invocations
 + Level 1.9 Evocations


You had 8 spell levels left.
You didn't know any spells.
Your spell library was empty.

Dungeon Overview and Level Annotations

Branches:
Dungeon (5/15)
 Temple: D:4-7

Altars:

Annotations:
D:2 1 runed translucent door come back, Crazy Yiuf
D:3 come back, Sigmund
D:4 Blork the orc


Innate Abilities, Weirdness & Mutations

You have very sharp teeth.
Your uncanny sense of smell can sniff out nearby items.
Your experience applies equally to all skills.


Message History

Something barely misses you.
The orc wizard hits you with a +0 dagger.
* * * LOW HITPOINT WARNING * * *
It was a potion of invisibility.
You fade into invisibility!
You hear some strange, mumbled words.
Deactivating autopickup; reactivate with Ctrl-A.
Something tries to affect you, but you resist.
The orc wizard hits you but does no damage.
You are very lightly contaminated with residual magic.
You hit the orc wizard.
The orc wizard is heavily wounded.
Something hits you but does no damage.
You hear some strange, mumbled words.
A magic dart appears from out of thin air!
The magic dart hits you.
* * * LOW HITPOINT WARNING * * *
The orc wizard shouts!
Found a robe.
Found a runed ring mail.
An orc wizard appears from thin air!
Reactivating autopickup.
You flicker for a moment.
The orc wizard gestures at something while chanting.
There is a stone staircase leading up here.
The orc wizard gestures at you while chanting.
You resist with some effort.
You flicker back into view.
The orc wizard gestures at you while chanting.
You resist with some effort.
An orc comes into view. It is wielding a +0 club.
You barely miss the orc wizard.
The orc wizard hits you but does no damage.
You hit the orc wizard.
The orc wizard is heavily wounded.
The orc wizard hits you with a +0 dagger.
* * * LOW HITPOINT WARNING * * *
The orc wizard gestures at you while chanting.
The magic dart hits you!
You die...

.#.#.##.##.................
............<...#..#....##.
...............###.#.......
#.............##....?.....
#...##.##..............##.
... #..#.#............... .
∆ #...##............... ∆
####.o...............)
#....@.÷..............
.........##.÷...##.####..
.........##..#....## #..
.........#...#<.### ..
#..o.........#### .
#...##........ ....
##....... .. .........
.##.#..


You could see an orc wizard and an orc (asleep).

Vanquished Creatures
  A scorpion (D:4)
  A hound (D:4)
  An orc priest (D:3)
  Natasha (D:4)
  Robin (D:2)
  5 adders (D:2)
  2 adder skeletons (D:4)
  4 worms
  2 dart slugs
  2 orcs (D:3)
  9 ball pythons
  7 endoplasms
  A giant cockroach (D:1)
  10 goblins
  11 hobgoblins
  2 jackals (D:1)
  6 kobolds
  A quokka (D:3)
  7 bats
  4 frilled lizards
  5 rats
83 creatures vanquished.

Vanquished Creatures (others)
  An orc wizard (D:4)
1 creature vanquished.

Grand Total: 84 creatures vanquished

Notes
Turn   | Place    | Note
-------+----------+-------------------------------------------
     0 | D:5      | Reached skill level 9 in Stealth
     0 | D:5      | MirrMurr the Gnoll Delver began the quest for the Orb.
     0 | D:5      | Reached XP level 1. HP: 23/23 MP: 1/1
    13 | D:5      | Noticed a black bear
    43 | D:5      | Noticed a phantom
   247 | D:4      | Noticed a hound
   266 | D:4      | Killed a hound
   267 | D:4      | Reached XP level 2. HP: 13/29 MP: 1/3
   267 | D:4      | Reached XP level 3. HP: 16/35 MP: 1/4
   446 | D:4      | Noticed a black bear
   447 | D:4      | Noticed Blork the orc
   525 | D:3      | Reached skill level 1 in Invocations
   531 | D:3      | Reached skill level 1 in Short Blades
   531 | D:3      | Reached skill level 1 in Long Blades
   531 | D:3      | Reached skill level 1 in Axes
   531 | D:3      | Reached skill level 1 in Maces & Flails
   531 | D:3      | Reached skill level 1 in Staves
   531 | D:3      | Reached skill level 1 in Slings
   531 | D:3      | Reached skill level 1 in Bows
   531 | D:3      | Reached skill level 1 in Crossbows
   531 | D:3      | Reached skill level 1 in Throwing
   531 | D:3      | Reached skill level 1 in Armour
   531 | D:3      | Reached skill level 1 in Shields
   531 | D:3      | Reached skill level 1 in Unarmed Combat
   531 | D:3      | Reached skill level 1 in Spellcasting
   531 | D:3      | Reached skill level 1 in Evocations
   531 | D:3      | Reached XP level 4. HP: 41/41 MP: 5/5
   606 | D:3      | Noticed Sigmund
   950 | D:2      | Reached skill level 1 in Conjurations
   950 | D:2      | Reached skill level 1 in Hexes
   950 | D:2      | Reached skill level 1 in Summonings
   950 | D:2      | Reached skill level 1 in Necromancy
   950 | D:2      | Reached skill level 1 in Translocations
   950 | D:2      | Reached skill level 1 in Transmutations
   950 | D:2      | Reached skill level 1 in Fire Magic
   950 | D:2      | Reached skill level 1 in Ice Magic
   950 | D:2      | Reached skill level 1 in Air Magic
   950 | D:2      | Reached skill level 1 in Earth Magic
   950 | D:2      | Reached skill level 1 in Poison Magic
  1005 | D:2      | Noticed Robin
  1046 | D:2      | HP: 2/41 [hobgoblin[Robin] (3)]
  1060 | D:2      | Killed Robin
  1062 | D:2      | Reached XP level 5. HP: 23/47 MP: 6/6
  1381 | D:1      | Found a faded altar of an unknown god.
  2051 | D:2      | Found a runed translucent door.
  2052 | D:2      | Noticed Crazy Yiuf
  2868 | D:4      | Noticed Natasha
  2880 | D:4      | Killed Natasha
  2881 | D:4      | Reached XP level 6. HP: 37/53 MP: 8/8
  3109 | D:4      | Reached skill level 5 in Polearms
  3109 | D:4      | Reached skill level 5 in Dodging
  3176 | D:4      | Killed from afar by an orc wizard

Illustrated notes

Levels and vault maps discovered:
D:1:      tarquinn_simple_flora_water_c, layout_rooms,
          ebering_ecumenical_altar_abandoned
D:2:      layout_basic, uniq_crazy_yiuf_cottage, uniq_robin
D:3:      layout_basic, uniq_ijyb, uniq_sigmund
D:4:      layout_cave_pools, minmay_temple_entry_antechambers,
          minmay_a_box_with_orc_wizards_in_it, uniq_duvessa, uniq_natasha,
          uniq_pikel, uniq_blork_the_orc
D:5:      layout_cave_pools

Skill      XL: |  1  2  3  4  5  6 |
---------------+-------------------+-----
Stealth        | |  9.7
Invocations    | 1 2 |  2.1
Short Blades   | 1 |  1.9
Long Blades    | 1 |  1.9
Axes           | 1 |  1.9
Maces & Flails | 1 |  1.9
Staves         | 1 |  1.9
Slings         | 1 |  1.9
Bows           | 1 |  1.9
Crossbows      | 1 |  1.9
Throwing       | 1 |  1.9
Armour         | 1 |  1.9
Shields        | 1 |  1.9
Unarmed Combat | 1 |  1.9
Spellcasting   | 1 |  1.9
Evocations     | 1 |  1.9
Conjurations   | 1 |  1.5
Hexes          | 1 |  1.5
Summonings     | 1 |  1.5
Necromancy     | 1 |  1.5
Translocations | 1 |  1.5
Transmutations | 1 |  1.5
Fire Magic     | 1 |  1.5
Ice Magic      | 1 |  1.5
Air Magic      | 1 |  1.5
Earth Magic    | 1 |  1.5
Poison Magic   | 1 |  1.5
Polearms       | 5 |  5.0
Dodging        | 5 |  5.0
Fighting       | |  6.8

Action                   |  1- 3 |  4- 6 || total
-------------------------+-------+-------++-------
Melee: Spear             |    27 |    10 ||    37
       Bite              |     2 |    18 ||    20
       Flail             |       |   198 ||   198
       Punch             |       |     3 ||     3
Throw: Boomerang         |       |     1 ||     1
  Use: Potion            |       |     3 ||     3
       Scroll            |       |     1 ||     1
 Stab: Sleeping          |     4 |    19 ||    23
       Distracted        |       |     2 ||     2
Armor: Leather armour    |     4 |    83 ||    87
Dodge: Dodged            |    12 |   193 ||   205

Table legend: (Time is in decaauts)
 A = Elapsed time spent in this place.
 B = Non-inter-level travel time spent in this place.
 C = Inter-level travel time spent in this place.
 D = Time resting spent in this place.
 E = Time spent auto-exploring this place.
 F = Levels seen in this place.
 G = Mean time per level.
                   A        B        C        D        E       F      G
               +--------+--------+--------+--------+--------+-----+--------+
         Total |   3240 |   3152 |     88 |    640 |   1627 |   5 |  648.0 |
       Dungeon |   3240 |   3152 |     88 |    640 |   1627 |   5 |  648.0 |
               +--------+--------+--------+--------+--------+-----+--------+

Top non-repeatable levels by time:
     D:2: 1286 daAuts
     D:3: 777 daAuts
     D:4: 573 daAuts
     D:1: 522 daAuts
     D:5: 80 daAuts
